Map: Bel'Shir Vestige LE (Void)

Players

schtig

  • Race: Zerg Zerg
  • League: Diamond
  • Spawn Location: 11:00

Musumeci - Winner!

  • Race: Zerg Zerg
  • League: Diamond
  • Spawn Location: 5:00

VOD

Have the link to the VOD?

Description

Time

  • Played on: Feb. 15, 2017, 3:49 a.m.
  • Length: 8:43
Show
View Real Time Build Order
Export as new Build Order

schtig Zerg 

Build Orders: Pool First 

Get SALT Encoding   

  12  0:01  Drone  
  13  0:13  Overlord  
  13  0:17  Drone  
  14  0:31  Drone  
  14  0:32  Drone  
  14  0:35  Drone  
  17  0:46  Drone  
  17  0:48  Extractor  
  17  0:52  Spawning Pool  
  16  0:57  Drone  
  17  1:07  Drone  
  18  1:23  Drone  
  19  1:36  Drone  
  20  1:44  Hatchery  
  19  1:48  Spine Crawler, Queen  
  20  1:55  Metabolic Boost  
  20  2:00  Zergling x2  
  21  2:02  Zergling x2  
  23  2:09  Overlord  
  23  2:23  Overlord  
  22  2:31  Zergling x2  
  22  2:32  Queen  
  25  2:37  Zergling x2  
  25  2:43  Zergling x2  
  26  2:59  Baneling Nest  
  26  3:00  Drone  
  26  3:03  Drone  
  27  3:07  Drone  
  27  3:09  Drone  
  29  3:13  Drone  
  29  3:17  Drone  
  31  3:21  Drone  
  31  3:23  Drone  
  33  3:27  Drone  
  33  3:31  Drone  
  33  3:32  Drone  
  36  3:40  Drone  
  36  3:46  Zergling x2  
  36  3:47  Zergling x4  
  37  3:55  Spine Crawler  
  36  3:56  Zergling x4  
  38  4:03  Evolution Chamber  
  38  4:05  Zergling x4  
  38  4:06  Overlord  
  38  4:07  Baneling x3  
  38  4:08  Baneling  
  39  4:16  Lair  
  39  4:17  Drone  
  39  4:18  Drone  
  39  4:21  Drone  
  39  4:23  Drone  
  43  4:27  Drone x2  
  45  4:36  Drone x2  
  45  4:37  Drone x2  
  45  4:38  Drone  
  50  4:41  Extractor  
  50  4:43  Extractor  
  50  4:44  Drone, Extractor  
  46  4:56  Zergling x4  
  46  4:58  Baneling x3  
  41  5:11  Drone x2  
  41  5:12  Drone x5  
  44  5:20  Spire  
  43  5:25  Drone x2  
  45  5:34  Drone x2  
  47  5:43  Overlord  
  48  5:50  Drone x4  
  51  5:58  Zerg Ground Armor Level 1  
  51  6:01  Overlord  
  51  6:10  Overseer  
  50  6:14  Baneling  
  50  6:16  Zergling x10  
  50  6:18  Zergling x6  
  56  6:20  Zergling x2  
  56  6:23  Baneling x2  
  56  6:25  Zergling x2  
  49  6:31  Zergling x2  
  44  6:33  Drone x3  
  45  6:51  Mutalisk  
  45  6:52  Mutalisk x3  
  53  6:59  Drone x3  
  56  7:07  Drone x2  
  58  7:27  Zergling x10  
  58  7:28  Zergling x2  
  54  7:40  Queen  
  56  7:48  Mutalisk x3  
  62  7:54  Baneling x2  
  62  8:03  Hatchery  
  62  8:04  Mutalisk  
  63  8:09  Drone x5  
  68  8:26  Zergling x8  
Show
View Real Time Build Order
Export as new Build Order

Musumeci Zerg - Winner!

Build Orders: Pool First, Zergling Baneling 

Get SALT Encoding   

  12  0:01  Drone  
  13  0:19  Drone  
  14  0:23  Drone, Extractor  
  15  0:33  Spawning Pool  
  14  0:35  Extractor  
  14  0:37  Drone  
  15  0:44  Overlord  
  15  1:02  Drone  
  16  1:20  Zergling x6  
  19  1:27  Hatchery  
  18  1:38  Zergling x2  
  19  1:46  Drone  
  19  1:47  Extractor  
  19  1:48  Queen  
  20  2:08  Drone  
  21  2:22  Drone  
  19  2:41  Drone x3  
  19  2:42  Drone  
  23  2:49  Queen  
  24  2:53  Overlord  
  24  2:54  Metabolic Boost  
  24  2:56  Drone  
  25  3:05  Drone x2  
  27  3:13  Baneling Nest  
  27  3:15  Zergling x4  
  28  3:23  Zergling x8  
  28  3:56  Baneling x4  
  28  3:57  Zergling x2  
  28  3:58  Zergling x14  
  36  4:12  Evolution Chamber  
  35  4:40  Baneling  
  35  4:41  Baneling x4  
  35  4:42  Zergling x2  
  35  4:44  Overlord  
  35  4:45  Overlord  
  23  5:20  Zergling x8  
  23  5:21  Zergling x16  
  34  5:29  Baneling  
  34  5:40  Drone x4  
  38  5:45  Zerg Ground Armor Level 1  
  38  5:50  Drone  
  38  5:51  Drone  
  40  6:04  Baneling x2  
  28  6:40  Zergling x14  
  28  6:41  Zergling x8  
  39  6:47  Zergling x2  
  39  6:49  Hatchery  
  39  7:10  Drone, Baneling x2  
  39  7:11  Drone  
  39  7:12  Overlord  
  39  7:14  Zergling x12  
  39  7:38  Zergling x12  
  39  7:43  Zergling x2  
  39  7:44  Zergling x6  
  49  7:49  Zergling x2  
  50  7:55  Zergling x2  
  51  8:01  Spore Crawler  
  50  8:05  Spore Crawler  
  50  8:08  Spore Crawler  
  50  8:09  Zergling x10  
  51  8:25  Zergling x10  
Tags
 
Add a new tag
Caveats
  • Supply blocks, unpowered buildings, or Contaminate may cause inaccurate times.
  • Supply counts are checked every 10 seconds.